 Dungeon Crawl Stone Soup version 0.18.1-8-gdd0e5ea (webtiles) character file.

4648 raph the Grave Robber (level 10, -9/88 HPs)
             Began as a Deep Dwarf Necromancer on May 25, 2016.
             Was a Believer of Makhleb.
             Mangled by an orc warrior
             ... wielding a +0 war axe
              (16 damage)
             ... on level 9 of the Dungeon.
             The game lasted 00:35:43 (12622 turns).

raph the Grave Robber (Deep Dwarf Necromancer)     Turns: 12622, Time: 00:35:45

Health: -9/88      AC: 11    Str: 13    XL:     10   Next: 20%
Magic:  3/14       EV: 16    Int: 18    God:    Makhleb [**....]
Gold:   465        SH:  0    Dex: 13    Spells: 6 memorised, 2 levels left

rFire  + . .     SeeInvis .     k - +2 hand axe (chop)
rCold  + . .     Gourm    .     F - +2 robe {MR+}
rNeg   . . .     Faith    .     (no shield)
rPois  +         Spirit   .     j - +1 helmet
rElec  +         Dismiss  .     C - +0 cloak
rCorr  +         Reflect  .     p - +1 pair of gloves
SustAt .         Harm     .     h - +1 pair of boots
MR     ++...                    G - amulet of rage
Stlth  +++.......               (no ring)
                                (no ring)

@: resistant, very slightly contaminated, non-regenerating, hasted, very quick,
very resistant to hostile enchantments, fairly stealthy
A: damage resistance, recharge devices, sense surroundings 2, slow regeneration
3
a: Device Recharging, Minor Destruction, Renounce Religion, Evoke Berserk Rage


You were on level 9 of the Dungeon.
You worshipped Makhleb.
Makhleb was pleased with you.
You were hungry.

You visited 2 branches of the dungeon, and saw 11 of its levels.

You collected 465 gold pieces.

Inventory:

Hand Weapons
 g - a +0 dagger
 i - a +0 whip
 k - a +2 hand axe of chopping (weapon)
 s - a +0 morningstar
 x - a +0 war axe
Missiles
 e - 175 stones (quivered)
Armour
 h - a +1 pair of boots (worn)
 j - a +1 helmet (worn)
 l - a +0 leather armour
 p - a +1 pair of gloves (worn)
 C - a +0 cloak (worn)
 F - a +2 robe of magic resistance (worn)
Magical Staves
 y - an uncursed staff of energy
 A - an uncursed staff of wizardry
Jewellery
 G - an amulet of rage (around neck)
Wands
 c - a wand of heal wounds (0/9)
 t - a wand of random effects (17/48)
 z - a wand of random effects (20/48)
 I - a wand of paralysis (6/24)
Scrolls
 v - a scroll of magic mapping
 B - a scroll of immolation
 H - a scroll of remove curse
Potions
 f - 2 potions of brilliance
 o - 2 potions of haste
 u - a potion of mutation
 w - 5 potions of curing
 E - 2 potions of flight
 J - a potion of cure mutation
Books
 b - a book of Necromancy

   Spells                             Type                      Level
   a - Pain                           Necromancy                   1
   b - Animate Skeleton               Necromancy                   1
   c - Vampiric Draining              Necromancy                   3
   d - Regeneration                   Charms/Necromancy            3
   e - Animate Dead                   Necromancy                   4
   f - Control Undead                 Necromancy                   4
 m - a book of Party Tricks

   Spells                             Type                      Level
   a - Summon Butterflies             Summoning                    1
   b - Apportation                    Translocation                1
   c - Tukima's Dance                 Hexes                        3
   d - Alistair's Intoxication        Transmutation/Poison         5
   e - Invisibility                   Hexes                        6
 r - a book of Ice

   Spells                             Type                      Level
   a - Ice Form                       Ice/Transmutation            4
   b - Metabolic Englaciation         Hexes/Ice                    5
   c - Ozocubu's Refrigeration        Ice                          6
   d - Bolt of Cold                   Conjuration/Ice              6
   e - Freezing Cloud                 Conjuration/Ice/Air          6
   f - Simulacrum                     Ice/Necromancy               6
Comestibles
 a - a royal jelly
 d - 9 bread rations


   Skills:
 + Level 5.3 Fighting
 * Level 7.5 Axes
 - Level 3.5 Armour
 + Level 7.2 Dodging
 - Level 5.9 Stealth
 - Level 3.7 Spellcasting
 - Level 7.6 Necromancy
 + Level 5.9 Invocations


You had 2 spell levels left.
You knew the following spells:

 Your Spells              Type           Power        Failure   Level  Hunger
a - Pain                  Necr           ####         1%          1    None
b - Animate Skeleton      Necr           N/A          1%          1    None
c - Vampiric Draining     Necr           ####......   1%          3    ###....
d - Animate Dead          Necr           N/A          8%          4    ####...
e - Control Undead        Necr           ####......   8%          4    ####...
f - Summon Butterflies    Summ           #.......     17%         1    None


Dungeon Overview and Level Annotations

Branches:
Dungeon (10/15)            Temple (1/1) D:6            Lair (0/8) D:10
    Orc: D:9-12

Altars:
Ashenzari
Gozag
Makhleb
Nemelex Xobeh
Sif Muna
Vehumet
Zin
The Shining One

Shops:
D:4 }

Annotations:
D:9 ReniFell's ghost, novice MiBe


Innate Abilities, Weirdness & Mutations

You are resistant to damage.
You can recharge devices by infusing magical energy.
You passively map the area around you.
You do not regenerate naturally.


Message History

The orc warrior hits you with a hand axe!
You are very lightly contaminated with residual magic.
Drink which item? (? for menu, Esc to quit)
It was a potion of resistance.
You feel protected.
You closely miss the orc warrior.
The orc warrior is severely wounded.
You hit the orc warrior.
The orc warrior is moderately wounded.
The orc warrior barely misses you.
The orc warrior hits you with a hand axe!
* * * LOW HITPOINT WARNING * * *
You hit the orc warrior but do no damage.
The orc warrior is severely wounded.
You closely miss the orc warrior.
The orc warrior is moderately wounded.
The orc warrior hits you with a hand axe!
* * * LOW HITPOINT WARNING * * *
The orc warrior hits you with a war axe!
You die...

* ** * * , ,
, * , ,, *
,, , * * **
, ,
..####### *
,
,',..'.ooo@#
..##.##o# *
* , *,,.T.,
** o....,*
)...... **
#.......# *
, #.......#
* #Y##.####
, , ,*


You could see a troll, 2 orc warriors, a sky beast (wandering), an orc priest
and 2 orcs.

Vanquished Creatures
  Joseph (D:9)
  A two-headed ogre (D:10)
  A spriggan (D:7)
  Sigmund (D:6)
  A hippogriff (D:8)
  A hungry ghost (D:8)
  A warg (D:10)
  3 black bears
  4 orc warriors
  A necrophage (D:6)
  5 ogres
  2 phantoms
  2 centaurs
  A big kobold (D:8)
  3 giant frogs
  A gnoll sergeant (D:5)
  Dowan (D:6)
  A wyvern skeleton (D:10)
  3 killer bees
  2 howler monkeys
  A crimson imp (D:6)
  2 giant frog zombies
  A centaur zombie (D:8)
  A quasit (D:5)
  2 jellies
  Crazy Yiuf (D:6)
  4 hounds
  4 orc priests
  A centaur skeleton (D:10)
  Jessica (D:2)
  2 iguanas (D:6)
  5 orc wizards
  9 worker ants
  2 worker ant zombies
  3 gnolls
  8 adders
  2 shadow imps (D:8)
  3 oozes
  An adder skeleton (D:4)
  A worm (D:5)
  3 dart slugs
  2 giant geckos
  22 orcs
  A ball python (D:7)
  7 giant cockroaches
  4 goblins
  5 hobgoblins
  12 jackals
  5 quokkas
  10 bats
  A giant gecko zombie (D:7)
  3 giant newts
  10 kobolds
  A quokka zombie (D:6)
  3 rats
179 creatures vanquished.

Vanquished Creatures (collateral kills)
  A hungry ghost (D:8)
  A warg (D:10)
  Duvessa (D:6)
  A phantom (D:5)
  2 giant frogs
  An orc wizard (D:10)
  2 orc priests (D:8)
  A worker ant (D:4)
  2 gnolls (D:5)
  A howler monkey skeleton (D:6)
  A shadow imp (D:8)
  2 worms
  3 orcs
  A giant cockroach (D:1)
  3 goblins
  A jackal (D:7)
  A quokka skeleton (D:4)
  A rat (D:3)
26 creatures vanquished.

Grand Total: 205 creatures vanquished

Notes
Turn   | Place    | Note
--------------------------------------------------------------
     0 | D:1      | raph the Deep Dwarf Necromancer began the quest for the Orb.
     0 | D:1      | Reached XP level 1. HP: 15/15 MP: 3/3
    98 | D:1      | Learned a level 1 spell: Animate Skeleton
   381 | D:1      | Reached XP level 2. HP: 13/24 MP: 0/4
  1395 | D:1      | Reached XP level 3. HP: 8/30 MP: 0/5
  1401 | D:1      | Learned a level 3 spell: Vampiric Draining
  1448 | D:1      | Reached skill level 1 in Fighting
  2836 | D:2      | Noticed Jessica
  2845 | D:2      | Killed Jessica
  2845 | D:2      | Reached XP level 4. HP: 32/38 MP: 0/7
  3033 | D:2      | Reached skill level 5 in Necromancy
  3809 | D:3      | You fall through a shaft!
  3834 | D:4      | Reached XP level 5. HP: 23/45 MP: 0/8
  3844 | D:4      | Reached skill level 1 in Armour
  3923 | D:4      | Found Eseiluo's Gadget Emporium.
  4159 | D:3      | Noticed an orc warrior
  4188 | D:3      | Killed an orc warrior
  4188 | D:3      | Reached XP level 6. HP: 27/52 MP: 0/9
  4682 | D:3      | Found a sparkling altar of Nemelex Xobeh.
  5478 | D:4      | Reached XP level 7. HP: 50/60 MP: 0/11
  6248 | D:5      | Entered Level 5 of the Dungeon
  6616 | D:5      | Learned a level 4 spell: Animate Dead
  6955 | D:5      | Reached skill level 5 in Stealth
  7807 | D:5      | Reached XP level 8. HP: 36/68 MP: 5/12
  8184 | D:5      | Learned a level 4 spell: Control Undead
  8186 | D:5      | Learned a level 1 spell: Summon Butterflies
  8586 | D:6      | Reached skill level 1 in Axes
  8712 | D:6      | Noticed Dowan
  8713 | D:6      | Noticed Duvessa
  8715 | D:6      | Found a staircase to the Ecumenical Temple.
  8725 | Temple   | Entered the Ecumenical Temple
  8729 | D:6      | Gained mutation: You have large cloven feet. [potion of mutation]
  8729 | D:6      | Gained mutation: You are weak. (Str -2) [potion of mutation]
  8729 | D:6      | Gained mutation: You passively map the area around you. [potion of mutation]
  8733 | D:6      | Killed Duvessa
  8733 | D:6      | Reached skill level 5 in Dodging
  8737 | D:6      | Killed Dowan
  8835 | Temple   | Became a worshipper of Makhleb the Destroyer
  8899 | D:6      | Reached skill level 1 in Invocations
  8996 | D:6      | Lost mutation: You have large cloven feet. [potion of cure mutation]
  8996 | D:6      | Lost mutation: You are weak. (Str -2) [potion of cure mutation]
  8996 | D:6      | Lost mutation: You passively map the area around you. [potion of cure mutation]
  9307 | D:6      | Noticed Sigmund
  9317 | D:6      | Killed Sigmund
  9317 | D:6      | Gained mutation: You passively map the area around you. [Deep Dwarf growth]
  9317 | D:6      | Reached XP level 9. HP: 55/78 MP: 1/13
  9473 | D:6      | Noticed Crazy Yiuf
  9478 | D:6      | Killed Crazy Yiuf
  9852 | D:7      | Found a glowing golden altar of the Shining One.
 10053 | D:7      | Reached * piety under Makhleb
 10191 | D:7      | Reached skill level 5 in Axes
 10837 | D:8      | Found a shattered altar of Ashenzari.
 10944 | D:8      | Reached ** piety under Makhleb
 11543 | D:8      | Reached skill level 5 in Invocations
 11843 | D:9      | Noticed Joseph
 11858 | D:9      | Killed Joseph
 11858 | D:9      | Reached skill level 5 in Fighting
 11858 | D:9      | Reached XP level 10. HP: 50/88 MP: 0/14
 11987 | D:9      | Noticed ReniFell's ghost (novice MiBe)
 11992 | D:10     | Entered Level 10 of the Dungeon
 12464 | D:10     | Found a staircase to the Lair.
 12622 | D:9      | Mangled by an orc warrior

Skill      XL: |  1  2  3  4  5  6  7  8  9 |
---------------+----------------------------+-----
Stealth        | 3 4 5 |  5.9
Fighting       | 1 2 3 5 |  5.3
Spellcasting   | 2 3 |  3.7
Necromancy     | 5 6 7 |  7.6
Dodging        | 3 4 5 7 |  7.2
Armour         | 2 3 |  3.5
Axes           | 3 7 |  7.5
Invocations    | 2 5 |  5.9

Action                   |  1- 3 |  4- 6 |  7- 9 | 10-12 || total
-------------------------+-------+-------+-------+-------++-------
Melee: Dagger            |    12 |       |       |       ||    12
       Whip              |     8 |       |       |       ||     8
       Short sword       |    25 |    93 |    20 |       ||   138
       Hand axe          |       |       |   185 |    37 ||   222
       Staff             |       |       |     1 |       ||     1
Throw: Stone             |       |       |     5 |     2 ||     7
 Cast: Pain              |    46 |    68 |   144 |    16 ||   274
       Animate Skeleton  |    10 |    13 |    36 |     5 ||    64
       Vampiric Draining |    11 |    25 |    58 |    11 ||   105
       Control Undead    |       |       |     8 |     4 ||    12
       Animate Dead      |       |       |     1 |     1 ||     2
       Summon Butterflie |       |       |     1 |       ||     1
 Abil: Device Recharging |       |       |     1 |       ||     1
Evoke: Wand              |       |     4 |     2 |     2 ||     8
  Use: Scroll            |     3 |     2 |    11 |     2 ||    18
       Potion            |       |     1 |     4 |     3 ||     8
 Stab: Sleeping          |     2 |     1 |     6 |       ||     9
       Distracted        |       |       |     2 |       ||     2
  Eat: Chunk             |     7 |     8 |    24 |     5 ||    44
       Bread ration      |       |     1 |       |       ||     1
       Fruit             |       |     1 |     1 |       ||     2
       Pizza             |       |       |     1 |       ||     1
Armor: Robe              |    16 |       |    89 |    19 ||   124
       Leather armour    |    14 |    43 |    55 |       ||   112
       Skin              |       |    25 |       |       ||    25
Dodge: Dodged            |    53 |   106 |   291 |    46 ||   496
